Map: Blackpink LE

Players

CinDra - Winner!

  • Race: Zerg Zerg
  • League: Bronze
  • Spawn Location: 7:00

A.I. 1 (Hard)

  • Race: Protoss Protoss
  • Spawn Location: 1:00

VOD

Have the link to the VOD?

Description

Time

  • Played on: Feb. 7, 2018, 3:50 p.m.
  • Length: 21:43
Show
View Real Time Build Order
Export as new Build Order

CinDra Zerg - Winner!

Build Orders: 3 Hatch before Pool 

Get SALT Encoding   

  12  0:02  Drone  
  13  0:14  Overlord  
  13  0:18  Drone  
  14  0:32  Drone  
  14  0:33  Drone  
  16  0:40  Drone  
  17  0:56  Hatchery, Drone  
  17  1:01  Drone  
  19  1:09  Hatchery  
  18  1:13  Drone  
  19  1:21  Overlord  
  19  1:32  Drone  
  20  1:34  Spawning Pool  
  20  1:39  Extractor  
  18  1:44  Drone  
  19  1:53  Drone  
  20  2:01  Drone  
  21  2:14  Drone  
  22  2:22  Drone, Queen  
  23  2:23  Queen  
  23  2:24  Overlord  
  27  2:32  Zergling x2  
  27  2:36  Drone  
  29  2:46  Drone x2  
  31  2:58  Queen  
  31  3:00  Overlord  
  31  3:03  Drone  
  34  3:18  Drone x2  
  34  3:19  Drone x2  
  38  3:27  Zergling x2  
  38  3:29  Metabolic Boost  
  39  3:34  Extractor  
  39  3:35  Drone  
  39  3:43  Overlord x2  
  39  4:00  Zergling x2  
  39  4:01  Zergling x12  
  46  4:13  Drone x2  
  48  4:34  Lair  
  48  4:35  Roach Warren  
  47  4:42  Overlord x2  
  47  4:43  Drone x3  
  47  4:44  Drone x2  
  52  5:01  Hatchery  
  51  5:15  Drone x3  
  51  5:16  Drone x2, Overlord x3  
  56  5:37  Roach  
  56  5:38  Roach x3  
  64  5:43  Glial Reconstitution  
  64  5:52  Spire  
  64  5:56  Extractor  
  62  5:57  Drone  
  62  5:58  Drone x4, Extractor  
  62  5:59  Drone  
  67  6:25  Roach x10  
  87  6:39  Queen  
  89  6:41  Drone x4  
  93  7:11  Roach  
  93  7:12  Overlord x2  
  93  7:13  Mutalisk x5  
  93  7:14  Overlord  
  93  7:15  Overlord x4  
  105  7:28  Drone  
  106  7:32  Extractor  
  106  7:34  Drone x5  
  106  7:35  Extractor  
  109  7:41  Mutalisk  
  111  8:00  Mutalisk  
  111  8:01  Mutalisk x4  
  111  8:04  Drone x7  
  128  8:13  Zerg Flyer Weapons Level 1  
  128  8:30  Evolution Chamber  
  127  8:35  Evolution Chamber  
  126  9:23  Zergling x2  
  127  9:24  Zergling x26, Overlord  
  127  9:25  Roach, Overlord x2  
  127  9:26  Roach x9  
  160  9:53  Mutalisk x6  
  170  10:06  Queen  
  156  10:12  Zergling x2  
  156  10:13  Zergling x10  
  136  10:22  Mutalisk x2  
  136  10:23  Mutalisk  
  142  10:34  Zerg Melee Weapons Level 1  
  142  10:35  Zerg Missile Weapons Level 1  
  142  10:37  Zerg Flyer Armor Level 1  
  142  10:38  Mutalisk x3  
  148  10:49  Mutalisk x6  
  150  10:54  Drone x3  
  150  10:55  Drone  
  164  11:26  Mutalisk  
  164  11:27  Mutalisk x6  
  164  11:29  Roach, Overlord x3  
  164  11:30  Overlord x5  
  180  11:45  Drone  
  180  11:46  Drone x2  
  183  12:34  Roach x8  
  199  12:42  Infestation Pit  
  198  13:27  Zergling x2  
  199  13:39  Hatchery  
  198  13:42  Zerg Ground Armor Level 1  
  198  13:43  Zerg Missile Weapons Level 2  
  198  13:58  Mutalisk  
  198  13:59  Mutalisk x3  
  186  14:12  Mutalisk x3  
  186  14:13  Mutalisk x4  
  184  15:15  Mutalisk x6  
  184  15:16  Mutalisk x3  
  174  15:34  Roach x3  
  173  15:47  Mutalisk x2  
  173  15:48  Mutalisk x2  
  177  15:53  Mutalisk  
  177  15:54  Roach  
  177  15:55  Roach x6  
  185  16:24  Roach x7  
  185  16:25  Roach x3  
  199  16:30  Zergling x2  
  200  16:43  Zerg Melee Weapons Level 2  
  200  16:44  Zerg Ground Armor Level 2  
  200  16:46  Hive  
  200  16:48  Zerg Flyer Weapons Level 2  
  200  16:58  Extractor  
  200  17:00  Extractor  
  188  17:17  Roach x4  
  188  17:18  Roach x5  
  188  17:19  Roach  
  192  18:06  Mutalisk x4  
  192  18:41  Zergling x18  
  189  18:42  Roach  
  197  19:12  Roach  
  197  19:31  Roach  
  197  19:32  Zergling x2  
  200  20:15  Hatchery  
Show
View Real Time Build Order
Export as new Build Order

A.I. 1 (Hard) Protoss 

Build Orders: 1 Gate Expand 

Get SALT Encoding   

  12  0:00  Probe  
  13  0:13  Probe  
  14  0:20  Pylon  
  14  0:25  Probe  
  15  0:38  Probe  
  16  0:50  Probe  
  16  0:51  Gateway  
  17  1:11  Nexus  
  17  1:12  Probe  
  18  1:28  Pylon  
  18  1:32  Assimilator  
  18  1:40  Zealot  
  18  1:43  Probe  
  18  1:44  Cybernetics Core  
  21  1:55  Probe  
  22  2:07  Gateway  
  22  2:08  Probe  
  23  2:14  Assimilator  
  23  2:20  Stalker  
  23  2:21  Pylon  
  26  2:22  Probe  
  26  2:37  Probe  
  26  2:41  Probe  
  28  2:48  Warp Gate  
  28  2:49  Probe  
  28  2:50  Stalker  
  31  2:53  Probe  
  32  3:01  Gateway  
  32  3:06  Zealot  
  34  3:20  Zealot  
  36  3:33  Stalker  
  38  3:36  Probe  
  38  3:39  Probe  
  40  3:47  Stalker  
  43  3:48  Probe  
  43  3:51  Probe  
  43  3:53  Forge  
  44  4:01  Sentry  
  46  4:06  Probe  
  46  4:07  Pylon  
  46  4:08  Probe  
  48  4:14  Adept  
  50  4:18  Probe  
  50  4:20  Probe  
  52  4:26  Protoss Ground Weapons Level 1  
  52  4:28  Zealot  
  52  4:30  Probe  
  55  4:36  Probe  
  56  4:38  Pylon  
  56  4:41  Zealot  
  56  4:42  Probe  
  59  4:48  Probe  
  60  4:55  Zealot  
  60  4:56  Probe  
  63  5:00  Probe  
  63  5:02  Pylon  
  64  5:08  Zealot, Probe  
  67  5:17  Assimilator  
  67  5:20  Probe  
  68  5:22  Stalker  
  68  5:24  Probe  
  68  5:25  Pylon  
  71  5:32  Probe  
  72  5:36  Assimilator, Stalker  
  72  5:39  Twilight Council  
  74  5:43  Probe  
  74  5:45  Probe  
  74  5:48  Pylon  
  74  5:49  Stalker  
  78  5:55  Probe  
  79  5:57  Probe  
  79  6:03  Stalker  
  82  6:05  Photon Cannon  
  82  6:07  Probe  
  82  6:09  Pylon, Probe  
  84  6:12  Robotics Facility  
  84  6:15  Blink  
  84  6:16  Sentry  
  86  6:19  Probe  
  86  6:20  Protoss Ground Armor Level 1  
  86  6:21  Probe  
  88  6:28  Photon Cannon  
  88  6:30  Sentry  
  88  6:31  Probe  
  91  6:33  Pylon  
  91  6:35  Pylon  
  91  6:36  Pylon  
  91  6:43  Adept  
  91  6:44  Stargate  
  93  6:49  Forge  
  93  6:57  Photon Cannon  
  93  6:59  Photon Cannon  
  93  7:00  Observer  
  94  7:21  Observer  
  95  8:53  Nexus  
  95  9:22  Void Ray, Warp Prism  
  95  9:23  Protoss Air Weapons Level 1  
  101  9:24  Stalker x2  
  101  9:26  Stalker x2  
  101  9:27  Robotics Facility  
  101  9:30  Stargate  
  101  9:36  Robotics Bay  
  101  9:40  Pylon  
  101  9:43  Fleet Beacon  
  101  9:45  Photon Cannon  
  97  9:58  Warp Prism  
  98  10:01  Pylon  
  98  10:05  Void Ray  
  98  10:06  Probe  
  101  10:08  Probe  
  101  10:09  Probe  
  101  10:14  Observer  
  92  10:16  Phoenix  
  92  10:18  Assimilator, Probe  
  92  10:20  Probe  
  84  10:21  Probe  
  84  10:22  Pylon  
  84  10:23  Observer Gravitic Boosters  
  84  10:24  Pylon  
  84  10:25  Assimilator  
  84  10:27  Photon Cannon  
  81  10:30  Probe  
  81  10:32  Probe  
  81  10:33  Probe  
  81  10:34  Warp Prism  
  86  10:41  Tempest  
  93  10:42  Probe  
  93  10:45  Probe x2  
  93  10:48  Stargate  
  95  10:51  Void Ray  
  99  11:18  Protoss Air Armor Level 1, Protoss Shields Level 1  
  99  11:20  Gravitic Drive  
  99  11:23  Tempest  
  105  11:34  Tempest  
  105  11:39  Stargate  
  111  11:50  Templar Archives  
  111  12:00  Dark Shrine  
  111  13:11  Protoss Air Weapons Level 2  
  111  13:12  Protoss Shields Level 2, Nexus  
  111  13:21  Zealot  
  111  13:22  Protoss Ground Weapons Level 2  
  111  13:24  Gateway  
  111  13:25  Zealot  
  115  13:28  Adept  
  115  13:32  Immortal  
  121  13:36  Immortal  
  125  13:41  Adept  
  125  13:45  Zealot  
  129  13:49  Zealot  
  131  14:01  Stalker  
  117  14:05  Sentry  
  117  14:09  Zealot  
  97  14:18  Stalker  
  97  14:24  Sentry  
  97  14:28  Void Ray  
  103  14:31  Stalker  
  103  14:35  Assimilator, Stalker  
  107  14:38  Pylon  
  107  14:40  Pylon  
  107  14:41  Sentry  
  107  14:45  Assimilator  
  107  14:47  Stalker  
  107  14:48  Probe  
  107  14:49  Probe  
  107  14:50  Probe  
  107  14:52  Probe  
  105  14:54  Stalker  
  105  14:58  Void Ray  
  104  15:00  Probe  
  104  15:01  Photon Cannon, Probe  
  104  15:02  Immortal  
  104  15:03  Probe  
  104  15:04  Probe  
  104  15:05  Stalker  
  99  15:08  Photon Cannon  
  99  15:09  Void Ray  
  99  15:12  Probe  
  99  15:13  Photon Cannon, Immortal, Probe  
  106  15:15  Probe  
  106  15:16  Stalker, Probe  
  106  15:20  Void Ray  
  98  15:24  Sentry, Probe  
  98  15:25  Probe  
  98  15:27  Zealot  
  98  15:28  Photon Cannon, Protoss Ground Armor Level 2, Probe  
  96  15:29  Protoss Air Weapons Level 3  
  96  15:31  Zealot  
  84  15:36  Probe  
  84  15:37  Probe  
  84  15:38  Protoss Shields Level 3  
  84  15:39  Stalker  
  84  15:40  Probe  
  84  15:41  Immortal  
  91  15:47  Stalker  
  91  15:48  Probe  
  91  15:50  Adept, Probe  
  91  15:52  Probe  
  91  15:54  Zealot  
  91  15:55  Nexus  
  88  16:00  Probe  
  88  16:02  Sentry, Probe  
  91  16:05  Probe  
  91  16:10  Stalker  
  94  16:12  Probe  
  94  16:13  Zealot  
  94  16:14  Probe  
  94  16:17  Stalker, Probe  
  101  16:24  Probe  
  101  16:25  Adept  
  100  16:26  Probe  
  100  16:29  Probe  
  102  16:33  Stalker  
  102  16:36  Stalker, Probe  
  102  16:38  Probe  
  108  16:40  Sentry  
  108  16:41  Probe  
  108  16:45  Zealot  
  113  16:56  Zealot  
  113  17:00  Zealot  
  117  17:13  Photon Cannon  
  117  17:15  Adept  
  111  17:18  Stalker  
  111  17:22  Zealot  
  89  17:25  Sentry  
  95  17:30  Immortal  
  95  17:33  Immortal  
  95  17:37  Zealot  
  101  17:42  Stalker  
  103  17:44  Protoss Ground Weapons Level 3  
  103  17:45  Stalker  
  103  17:49  Stalker  
  89  17:56  Stalker  
  82  17:59  Pylon  
  82  18:00  Stalker  
  82  18:02  Pylon  
  82  18:04  Zealot  
  74  18:06  Protoss Air Armor Level 2  
  74  18:07  Stalker  
  74  18:11  Void Ray  
  60  18:15  Void Ray  
  60  18:19  Immortal  
  64  18:21  Pylon  
  64  18:22  Stalker  
  64  18:26  Stalker  
  68  18:31  Zealot  
  66  18:38  Pylon  
  55  18:45  Stalker  
  57  18:48  Nexus  
  57  18:49  Sentry  
  57  18:53  Stalker  
  56  18:56  Stalker  
  56  19:02  Void Ray  
  58  19:09  Stalker  
  56  19:16  Stalker  
  58  19:23  Zealot  
  60  19:27  Nexus  
  56  19:32  Sentry  
  48  19:39  Stalker  
  48  19:40  Probe  
Tags
 
Add a new tag
Caveats
  • Supply blocks, unpowered buildings, or Contaminate may cause inaccurate times.
  • Supply counts are checked every 10 seconds.